Pick #1

Connor Bedard
Pick #2

Leo Carlsson
Pick #3

Adam Fantilli
Pick #4

Matvei Michkov
Pick #5

David Reinbacher
Pick #6

William Smith
Pick #7

Zachary Benson
Pick #8

Ryan Leonard
Pick #9

Gabriel Perreault
Pick #10

Axel Sandin-Pellika
Pick #11

Daniil But
Pick #12

Dalibor Dvorsky
Pick #13

Quentin Musty
Pick #14

Brayden Yager
Pick #15

Dmitry Simashev
Pick #16

Colby Barlow
Pick #17

Andrew Cristall
Pick #18

Easton Cowan
Pick #19

Jacob Fowler
Pick #20

Oliver Moore
Pick #21

Oliver Bonk
Pick #22

Tom Willander
Pick #23

Calum Ritchie
Pick #24

Tanner Molendyk
Pick #25

Gavin Brindley
Pick #26

Nate Danielson
Pick #27

Pick #28

Pick #29

Pick #30

Pick #31

Pick #32

Pick #33

Pick #34

Pick #35

Pick #36

Pick #37

Pick #38

Pick #39

Pick #40

Pick #41

Pick #42

Pick #43

Pick #44

Pick #45

Pick #46

Pick #47

Pick #48

Pick #49

Pick #50

Pick #51

Pick #52

Pick #53

Pick #54

Pick #55

Pick #56

Pick #57

Pick #58

Pick #59

Pick #60

Pick #61

Pick #62

Pick #63

Pick #64

Pick #65

Pick #66

Pick #67

Pick #68

Pick #69

Pick #70

Pick #71

Pick #72

Pick #73

Pick #74

Pick #75

Pick #76

Pick #77

Pick #78

Pick #79

Pick #80

Pick #81

Pick #82

Pick #83

Pick #84

Pick #85

Pick #86

Pick #87

Pick #88

Pick #89

Pick #90

Pick #91

Pick #92

Pick #93

Pick #94

Pick #95

Pick #96

Pick #97

Pick #98

Pick #99

Pick #100

Pick #101

Pick #102

Pick #103

Pick #104

Pick #105

Pick #106

Pick #107

Pick #108

Pick #109

Pick #110

Pick #111

Pick #112

Pick #113

Pick #114

Pick #115

Pick #116

Pick #117

Pick #118

Pick #119

Pick #120

Pick #121

Pick #122

Pick #123

Pick #124

Pick #125

Pick #126

Pick #127

Pick #128

Pick #129

Pick #130

Full Scoreboard »»

Stars vs Oilers

Created - November 3, 2023 at 20:18

Goals
1 2 3 T
Stars 0 1 0 1
Oilers 2 0 2 4
Shots
1 2 3 T
Stars 6 6 7 19
Oilers 10 10 12 32

GoalsPenalties
1st period
1. Oilers , Brandon Hagel 5 (Ryan Pulock 9, Sam Bennett 4) at 6:09 (PP)
2. Oilers , Sam Bennett 5 (Troy Stecher 1, Brock Boeser 5) at 10:54
Sean Durzi (DAL) for Holding Stick (Minor) at 5:20
Nick Jensen (DAL) for Tripping (Minor) at 10:59
Henri Jokiharju (DAL) for Hooking (Minor) at 15:41
2nd period
3. Stars , Henri Jokiharju 1 (Seth Jarvis 1, Matt Grzelcyk 4) at 13:45
Brandon Hagel (EDM) for Slashing (Minor) at 11:09
3rd period
4. Oilers , Adam Lowry 4 (Ondrej Palat 3, Jamie Drysdale 5) at 7:52
5. Oilers , Ondrej Palat 1 (Josh Bailey 2, Adam Lowry 2) at 9:43
Rickard Rakell (DAL) for Holding (Minor) at 1:33
Goalie Stats
Spencer Martin (DAL), 28 saves from 32 shots - (0.875), L, 0-2-0, 60:00 minutes
Jack Campbell (EDM), 18 saves from 19 shots - (0.947), W, 3-4-0, 60:00 minutes
3 StarsOfficial
1 - Ondrej Palat (EDM)
2 - Sam Bennett (EDM)
3 - Adam Lowry (EDM)
Referees : Tom Chmielewski and Chris Rooney
Linesman : Kory Nagy and Julien Fournier
Game Note
Gustav Forsling is injured at 9:46 of 2nd period (Sprained Right Ankle)
Finance
Level 1 -- Attendance: 6500 (100.00%) -- Ticket Income $793,000
Level 2 -- Attendance: 4108 (82.16%) -- Ticket Income $386,152
Level 3 -- Attendance: 2776 (79.31%) -- Ticket Income $208,200
Level 4 -- Attendance: 839 (100.00%) -- Ticket Income $61,247
Luxury Box -- Attendance: 942 (94.20%) -- Ticket Income $218,544
Game was played at the Rexall Place.
Total Attendance: 15165 (90.06%)
Total Ticket Income: $1,667,143
Other Income: $416,786
Total Income: $2,083,929



Team Name Goals Shots Shots Attemp Shots Blocked PIM HIT PP PK FO%
Stars 11930118250 / 1 (0%)142%
Oilers 4328112181 / 4 (25%)058%

Stars
Player Name POS G A P +/- PIM HIT SHT SB MP PP MP PP SHT PK MP PK SHT FO% FOT
Anton LundellC0000022116:000:0004:29040% 20
Carter VerhaegheC0000013018:100:5500:00067% 3
Elias LindholmC0000002120:321:0002:17035% 23
Evan BouchardD000-2020126:281:4103:0800% 0
Gustav ForslingD000-1000012:440:0002:3700% 0
Henri JokiharjuD1011221016:070:0000:0000% 0
Matt GrzelcykD0111031021:530:5913:3500% 0
Nazem KadriC000-3013018:321:0410:00055% 20
Nick JensenD000-2240116:320:1801:0700% 0
Noah CatesLW0001001111:410:0004:2600% 0
Phil KesselRW000001009:170:0000:0000% 1
Rickard RakellRW000-3200017:270:0000:0000% 0
Sean DurziD000-1240423:591:0003:0500% 0
Seth JarvisC011100107:150:0000:00025% 4
Tanner PearsonLW000100117:180:0000:0300% 0
Timo MeierRW000-3022018:270:5900:0000% 0
Viktor ArvidssonRW0000000010:160:5900:0000% 0
Vincent TrocheckC0000032120:321:0012:1700% 0
Oilers
Player Name POS G A P +/- PIM HIT SHT SB MP PP MP PP SHT PK MP PK SHT FO% FOT
Adam LowryC1122004014:010:0001:31041% 17
Alexander BarabanovLW0000001011:053:4010:0000% 0
Brandon HagelLW101-1207018:463:0620:0000% 1
Brock BoeserRW0111003018:453:0600:0000% 0
Cole PerfettiC0001000015:390:0000:0000% 0
Dylan StromeC000-1022019:463:4000:0000% 1
Jakob SilfverbergRW000001007:530:0000:2800% 0
Jamie DrysdaleD0111002022:113:4610:0000% 0
Josh BaileyRW0112002016:163:4610:000100% 1
Mattias SamuelssonD000-1020020:452:3500:5900% 0
Nikita ZaitsevD000-1000017:110:2500:0000% 0
Ondrej PalatLW1122032014:010:0001:3100% 0
Paul StastnyC000000107:530:0000:28075% 8
Robin SaloD0002000017:040:2501:0000% 0
Ryan JohansenC000-1022019:213:4020:00071% 24
Ryan PulockD0111043021:592:3510:5900% 0
Sam BennettC1121033018:453:0600:00053% 19
Troy StecherD0112010116:390:0001:0000% 0



Play-by-Play

1st period


0:01 of 1st period - Elias Lindholm wins face-off versus Sam Bennett in neutral zone.
0:06 of 1st period - Icing by Jamie Drysdale.
0:07 of 1st period - Nazem Kadri wins face-off versus Sam Bennett in Oilers zone.
0:08 of 1st period - Shot by Sean Durzi.
0:08 of 1st period - Deflect By Nazem Kadri.
0:08 of 1st period - Stopped by Jack Campbell without a rebound.
0:09 of 1st period - Ryan Johansen wins face-off versus Anton Lundell in Oilers zone.
0:21 of 1st period - Shot by Viktor Arvidsson.
0:21 of 1st period - Deflect By Anton Lundell.
0:21 of 1st period - Stopped by Jack Campbell with a rebound.
0:37 of 1st period - Shot by Brandon Hagel.
0:37 of 1st period - Shot Misses the Net.
0:55 of 1st period - Icing by Mattias Samuelsson.
0:56 of 1st period - Nazem Kadri wins face-off versus Ryan Johansen in Oilers zone.
0:56 of 1st period - Gustav Forsling is hit by Mattias Samuelsson and loses puck.
1:21 of 1st period - Shot by Timo Meier.
1:21 of 1st period - Deflect By Nazem Kadri.
1:21 of 1st period - Shot Misses the Net.
1:23 of 1st period - Shot by Timo Meier.
1:23 of 1st period - Stopped by Jack Campbell with a rebound.
1:42 of 1st period - Off-side.
1:43 of 1st period - Adam Lowry wins face-off versus Elias Lindholm in neutral zone.
2:06 of 1st period - Shot by Carter Verhaeghe.
2:06 of 1st period - Stopped by Jack Campbell with a rebound.
2:56 of 1st period - Shot by Seth Jarvis.
2:56 of 1st period - Shot Blocked by Troy Stecher.
3:08 of 1st period - Shot by Noah Cates.
3:08 of 1st period - Stopped by Jack Campbell without a rebound.
3:09 of 1st period - Paul Stastny wins face-off versus Nazem Kadri in Oilers zone.
3:09 of 1st period - Paul Stastny is hit by Nazem Kadri.
4:15 of 1st period - Sam Bennett is hit by Evan Bouchard and loses puck.
4:18 of 1st period - Shot by Sam Bennett.
4:18 of 1st period - Shot Misses the Net.
4:57 of 1st period - Icing by Carter Verhaeghe.
4:58 of 1st period - Elias Lindholm wins face-off versus Adam Lowry in Stars zone.
5:09 of 1st period - Shot by Ondrej Palat.
5:09 of 1st period - Shot Misses the Net.
5:11 of 1st period - Shot by Adam Lowry.
5:11 of 1st period - Stopped by Spencer Martin with a rebound.
5:16 of 1st period - Josh Bailey is hit by Nick Jensen and loses puck.
5:20 of 1st period - Minor Penalty to Sean Durzi for Holding Stick.
5:21 of 1st period - Ryan Johansen wins face-off versus Anton Lundell in Stars zone.
5:48 of 1st period - Icing by Jamie Drysdale.
5:49 of 1st period - Ryan Johansen wins face-off versus Anton Lundell in Oilers zone.
6:01 of 1st period - Off-side.
6:02 of 1st period - Sam Bennett wins face-off versus Elias Lindholm in neutral zone.
6:09 of 1st period - Shot by Brandon Hagel.
6:09 of 1st period - The goal is going for a video replay.
6:09 of 1st period - The goal is good.
6:09 of 1st period - Goal by Brandon Hagel - Stars : 0 - Oilers : 1.
6:10 of 1st period - Sam Bennett wins face-off versus Elias Lindholm in neutral zone.
6:20 of 1st period - Shot by Brock Boeser.
6:20 of 1st period - Stopped by Spencer Martin without a rebound.
6:21 of 1st period - Ryan Johansen wins face-off versus Phil Kessel in Stars zone.
6:22 of 1st period - Shot by Brandon Hagel.
6:22 of 1st period - Stopped by Spencer Martin with a rebound.
7:50 of 1st period - Icing by Tanner Pearson.
7:51 of 1st period - Sam Bennett wins face-off versus Seth Jarvis in Stars zone.
8:39 of 1st period - Elias Lindholm is hit by Sam Bennett and loses puck.
8:56 of 1st period - Shot by Elias Lindholm.
8:56 of 1st period - Stopped by Jack Campbell with a rebound.
8:59 of 1st period - Icing by Ryan Pulock.
9:00 of 1st period - Paul Stastny wins face-off versus Nazem Kadri in Oilers zone.
9:19 of 1st period - Shot by Paul Stastny.
9:19 of 1st period - Stopped by Spencer Martin without a rebound.
9:20 of 1st period - Anton Lundell wins face-off versus Adam Lowry in Stars zone.
9:43 of 1st period - Matt Grzelcyk is hit by Ondrej Palat and loses puck.
9:47 of 1st period - Icing by Matt Grzelcyk.
9:48 of 1st period - Ryan Johansen wins face-off versus Anton Lundell in Stars zone.
10:28 of 1st period - Dylan Strome is hit by Vincent Trocheck.
10:29 of 1st period - Icing by Dylan Strome.
10:30 of 1st period - Ryan Johansen wins face-off versus Nazem Kadri in Oilers zone.
10:37 of 1st period - Rickard Rakell is hit by Dylan Strome and loses puck.
10:54 of 1st period - Shot by Sam Bennett.
10:54 of 1st period - Goal by Sam Bennett - Stars : 0 - Oilers : 2.
10:55 of 1st period - Sam Bennett wins face-off versus Elias Lindholm in neutral zone.
10:58 of 1st period - Shot by Brock Boeser.
10:58 of 1st period - Shot Misses the Net.
10:59 of 1st period - Minor Penalty to Nick Jensen for Tripping.
11:00 of 1st period - Sam Bennett wins face-off versus Anton Lundell in Stars zone.
11:31 of 1st period - Shot by Jamie Drysdale.
11:31 of 1st period - Stopped by Spencer Martin with a rebound.
11:33 of 1st period - Shot by Brandon Hagel.
11:33 of 1st period - Shot Misses the Net.
12:12 of 1st period - Shot by Ryan Johansen.
12:12 of 1st period - Shot Misses the Net.
12:14 of 1st period - Shot by Mattias Samuelsson.
12:14 of 1st period - Shot Misses the Net.
12:16 of 1st period - Shot by Mattias Samuelsson.
12:16 of 1st period - Shot Blocked by Elias Lindholm.
12:18 of 1st period - Shot by Ryan Pulock.
12:18 of 1st period - Stopped by Spencer Martin without a rebound.
12:19 of 1st period - Sam Bennett wins face-off versus Anton Lundell in Stars zone.
12:29 of 1st period - Shot by Brandon Hagel.
12:29 of 1st period - Shot Blocked by Noah Cates.
15:41 of 1st period - Minor Penalty to Henri Jokiharju for Hooking.
15:42 of 1st period - Ryan Johansen wins face-off versus Anton Lundell in Stars zone.
17:00 of 1st period - Icing by Ryan Johansen.
17:01 of 1st period - Ryan Johansen wins face-off versus Anton Lundell in Oilers zone.
17:08 of 1st period - Shot by Dylan Strome.
17:08 of 1st period - Shot Misses the Net.
17:14 of 1st period - Shot by Dylan Strome.
17:14 of 1st period - Shot Misses the Net.
17:16 of 1st period - Shot by Ryan Johansen.
17:16 of 1st period - Shot Misses the Net.
17:18 of 1st period - Shot by Ryan Johansen.
17:18 of 1st period - Stopped by Spencer Martin without a rebound.
17:19 of 1st period - Anton Lundell wins face-off versus Sam Bennett in Stars zone.
17:38 of 1st period - Shot by Brandon Hagel.
17:38 of 1st period - Stopped by Spencer Martin without a rebound.
17:39 of 1st period - Ryan Johansen wins face-off versus Anton Lundell in Stars zone.
18:07 of 1st period - Icing by Robin Salo.
18:08 of 1st period - Adam Lowry wins face-off versus Elias Lindholm in Oilers zone.
18:17 of 1st period - Shot by Ondrej Palat.
18:17 of 1st period - Shot Misses the Net.
18:19 of 1st period - Shot by Adam Lowry.
18:19 of 1st period - Shot Blocked by Vincent Trocheck.
18:34 of 1st period - Elias Lindholm is hit by Troy Stecher.
18:52 of 1st period - Icing by Brock Boeser.
18:53 of 1st period - Nazem Kadri wins face-off versus Sam Bennett in Oilers zone.
19:12 of 1st period - Shot by Sam Bennett.
19:12 of 1st period - Shot Misses the Net.
19:55 of 1st period - Icing by Gustav Forsling.
19:56 of 1st period - Anton Lundell wins face-off versus Ryan Johansen in Stars zone.
Goals for this period are 0 for Stars vs 2 for Oilers.
Shots for this period are 6 for Stars vs 10 for Oilers.

2nd period


0:01 of 2nd period - Elias Lindholm wins face-off versus Ryan Johansen in neutral zone.
0:03 of 2nd period - Gustav Forsling is hit by Mattias Samuelsson and loses puck.
0:16 of 2nd period - Shot by Dylan Strome.
0:16 of 2nd period - Shot Hit the Post.
1:22 of 2nd period - Rickard Rakell is hit by Ryan Pulock and loses puck.
1:51 of 2nd period - Shot by Rickard Rakell.
1:51 of 2nd period - Shot Misses the Net.
2:17 of 2nd period - Anton Lundell is hit by Ryan Pulock and loses puck.
2:22 of 2nd period - Shot by Anton Lundell.
2:22 of 2nd period - Stopped by Jack Campbell without a rebound.
2:23 of 2nd period - Paul Stastny wins face-off versus Seth Jarvis in Oilers zone.
3:43 of 2nd period - Gustav Forsling is hit by Jakob Silfverberg and loses puck.
4:23 of 2nd period - Shot by Dylan Strome.
4:23 of 2nd period - Shot Misses the Net.
4:31 of 2nd period - Vincent Trocheck is hit by Dylan Strome and loses puck.
5:51 of 2nd period - Ondrej Palat is hit by Matt Grzelcyk and loses puck.
6:39 of 2nd period - Icing by Gustav Forsling.
6:40 of 2nd period - Anton Lundell wins face-off versus Sam Bennett in Stars zone.
6:50 of 2nd period - Shot by Sam Bennett.
6:50 of 2nd period - Stopped by Spencer Martin with a rebound.
7:19 of 2nd period - Jamie Drysdale is hit by Anton Lundell and loses puck.
7:36 of 2nd period - Robin Salo is hit by Phil Kessel and loses puck.
8:07 of 2nd period - Ondrej Palat is hit by Vincent Trocheck and loses puck.
8:54 of 2nd period - Icing by Nikita Zaitsev.
8:55 of 2nd period - Nazem Kadri wins face-off versus Brandon Hagel in Oilers zone.
9:22 of 2nd period - Shot by Nikita Zaitsev.
9:22 of 2nd period - Shot Hit the Post.
9:45 of 2nd period - Gustav Forsling is hit by Ryan Johansen and loses puck.
9:46 of 2nd period - Gustav Forsling from Stars is injured at 9:46 of 2nd period (Sprained Right Ankle).
9:47 of 2nd period - Sam Bennett wins face-off versus Elias Lindholm in Stars zone.
9:47 of 2nd period - Jamie Drysdale is hit by Nick Jensen and loses puck.
9:55 of 2nd period - Shot by Brock Boeser.
9:55 of 2nd period - Stopped by Spencer Martin without a rebound.
9:56 of 2nd period - Sam Bennett wins face-off versus Elias Lindholm in Stars zone.
9:57 of 2nd period - Shot by Brock Boeser.
9:57 of 2nd period - Shot Misses the Net.
9:59 of 2nd period - Shot by Brock Boeser.
9:59 of 2nd period - Shot Blocked by Sean Durzi.
10:01 of 2nd period - Shot by Ryan Pulock.
10:01 of 2nd period - Shot Misses the Net.
10:03 of 2nd period - Shot by Cole Perfetti.
10:03 of 2nd period - Shot Hit the Post.
10:05 of 2nd period - Shot by Sam Bennett.
10:05 of 2nd period - Stopped by Spencer Martin with a rebound.
10:07 of 2nd period - Shot by Sam Bennett.
10:07 of 2nd period - Shot Misses the Net.
10:09 of 2nd period - Shot by Cole Perfetti.
10:09 of 2nd period - Shot Misses the Net.
10:13 of 2nd period - Shot by Sam Bennett.
10:13 of 2nd period - Shot Misses the Net.
10:15 of 2nd period - Shot by Ryan Pulock.
10:15 of 2nd period - Shot Blocked by Nick Jensen.
10:56 of 2nd period - Josh Bailey is hit by Sean Durzi and loses puck.
11:05 of 2nd period - Shot by Josh Bailey.
11:05 of 2nd period - Stopped by Spencer Martin with a rebound.
11:07 of 2nd period - Shot by Adam Lowry.
11:07 of 2nd period - Stopped by Spencer Martin without a rebound.
11:08 of 2nd period - Nazem Kadri wins face-off versus Ryan Johansen in Stars zone.
11:08 of 2nd period - Matt Grzelcyk is hit by Ryan Johansen and loses puck.
11:09 of 2nd period - Minor Penalty to Brandon Hagel for Slashing.
11:10 of 2nd period - Nazem Kadri wins face-off versus Adam Lowry in Oilers zone.
11:13 of 2nd period - Shot by Viktor Arvidsson.
11:13 of 2nd period - Deflect By Nazem Kadri.
11:13 of 2nd period - Stopped by Jack Campbell without a rebound.
11:14 of 2nd period - Carter Verhaeghe wins face-off versus Adam Lowry in Oilers zone.
11:31 of 2nd period - Mattias Samuelsson is hit by Carter Verhaeghe and loses puck.
11:50 of 2nd period - Shot by Matt Grzelcyk.
11:50 of 2nd period - Stopped by Jack Campbell without a rebound.
11:51 of 2nd period - Nazem Kadri wins face-off versus Adam Lowry in Oilers zone.
11:54 of 2nd period - Shot by Vincent Trocheck.
11:54 of 2nd period - Stopped by Jack Campbell without a rebound.
11:55 of 2nd period - Adam Lowry wins face-off versus Elias Lindholm in Oilers zone.
12:18 of 2nd period - Shot by Ondrej Palat.
12:18 of 2nd period - Deflect By Adam Lowry.
12:18 of 2nd period - Shot Blocked by Evan Bouchard.
12:59 of 2nd period - Icing by Matt Grzelcyk.
13:00 of 2nd period - Carter Verhaeghe wins face-off versus Paul Stastny in Stars zone.
13:43 of 2nd period - Shot by Seth Jarvis.
13:43 of 2nd period - Shot Misses the Net.
13:45 of 2nd period - Shot by Henri Jokiharju.
13:45 of 2nd period - Goal by Henri Jokiharju - Stars : 1 - Oilers : 2.
13:46 of 2nd period - Anton Lundell wins face-off versus Sam Bennett in neutral zone.
13:51 of 2nd period - Shot by Viktor Arvidsson.
13:51 of 2nd period - Shot Misses the Net.
13:59 of 2nd period - Shot by Ryan Pulock.
13:59 of 2nd period - Stopped by Spencer Martin with a rebound.
14:01 of 2nd period - Shot by Brock Boeser.
14:01 of 2nd period - Shot Blocked by Sean Durzi.
14:03 of 2nd period - Shot by Ryan Pulock.
14:03 of 2nd period - Stopped by Spencer Martin without a rebound.
14:04 of 2nd period - Adam Lowry wins face-off versus Nazem Kadri in Stars zone.
14:08 of 2nd period - Icing by Sean Durzi.
14:09 of 2nd period - Ryan Johansen wins face-off versus Nazem Kadri in Stars zone.
14:24 of 2nd period - Shot by Brandon Hagel.
14:24 of 2nd period - Shot Blocked by Sean Durzi.
14:26 of 2nd period - Shot by Brandon Hagel.
14:26 of 2nd period - Stopped by Spencer Martin without a rebound.
14:27 of 2nd period - Sam Bennett wins face-off versus Carter Verhaeghe in Stars zone.
14:44 of 2nd period - Sam Bennett is hit by Matt Grzelcyk and loses puck.
15:03 of 2nd period - Shot by Sam Bennett.
15:03 of 2nd period - Deflect By Brock Boeser.
15:03 of 2nd period - Shot Misses the Net.
15:07 of 2nd period - Shot by Cole Perfetti.
15:07 of 2nd period - Shot Misses the Net.
15:38 of 2nd period - Icing by Sean Durzi.
15:39 of 2nd period - Adam Lowry wins face-off versus Nazem Kadri in Stars zone.
16:08 of 2nd period - Icing by Evan Bouchard.
16:09 of 2nd period - Nazem Kadri wins face-off versus Ryan Johansen in Stars zone.
17:21 of 2nd period - Brock Boeser is hit by Timo Meier.
17:25 of 2nd period - Nazem Kadri is hit by Sam Bennett and loses puck.
17:57 of 2nd period - Mattias Samuelsson is hit by Henri Jokiharju and loses puck.
18:14 of 2nd period - Shot by Carter Verhaeghe.
18:14 of 2nd period - Stopped by Jack Campbell without a rebound.
18:15 of 2nd period - Paul Stastny wins face-off versus Anton Lundell in Oilers zone.
18:35 of 2nd period - Icing by Robin Salo.
18:36 of 2nd period - Elias Lindholm wins face-off versus Paul Stastny in Oilers zone.
18:52 of 2nd period - Jakob Silfverberg is hit by Matt Grzelcyk and loses puck.
19:51 of 2nd period - Shot by Brandon Hagel.
19:51 of 2nd period - Stopped by Spencer Martin with a rebound.
19:53 of 2nd period - Shot by Dylan Strome.
19:53 of 2nd period - Stopped by Spencer Martin without a rebound.
19:54 of 2nd period - Anton Lundell wins face-off versus Adam Lowry in Stars zone.
Goals for this period are 1 for Stars vs 0 for Oilers.
Shots for this period are 6 for Stars vs 10 for Oilers.

3rd period


0:01 of 3rd period - Ryan Johansen wins face-off versus Nazem Kadri in neutral zone.
0:12 of 3rd period - Shot by Dylan Strome.
0:12 of 3rd period - Shot Misses the Net.
0:15 of 3rd period - Icing by Sean Durzi.
0:16 of 3rd period - Josh Bailey wins face-off versus Nazem Kadri in Stars zone.
0:23 of 3rd period - Shot by Adam Lowry.
0:23 of 3rd period - Stopped by Spencer Martin without a rebound.
0:24 of 3rd period - Ryan Johansen wins face-off versus Elias Lindholm in Stars zone.
0:25 of 3rd period - Shot by Brandon Hagel.
0:25 of 3rd period - Stopped by Spencer Martin with a rebound.
0:36 of 3rd period - Off-side.
0:37 of 3rd period - Nazem Kadri wins face-off versus Adam Lowry in neutral zone.
0:39 of 3rd period - Sean Durzi is hit by Ondrej Palat and loses puck.
0:45 of 3rd period - Ondrej Palat is hit by Sean Durzi and loses puck.
0:50 of 3rd period - Shot by Ondrej Palat.
0:50 of 3rd period - Stopped by Spencer Martin with a rebound.
0:55 of 3rd period - Ondrej Palat is hit by Evan Bouchard and loses puck.
1:19 of 3rd period - Shot by Ondrej Palat.
1:19 of 3rd period - Shot Misses the Net.
1:33 of 3rd period - Minor Penalty to Rickard Rakell for Holding.
1:34 of 3rd period - Anton Lundell wins face-off versus Sam Bennett in Stars zone.
2:15 of 3rd period - Anton Lundell is hit by Sam Bennett and loses puck.
2:37 of 3rd period - Shot by Josh Bailey.
2:37 of 3rd period - Stopped by Spencer Martin without a rebound.
2:38 of 3rd period - Ryan Johansen wins face-off versus Anton Lundell in Stars zone.
2:43 of 3rd period - Shot by Josh Bailey.
2:43 of 3rd period - Shot Misses the Net.
2:45 of 3rd period - Shot by Alexander Barabanov.
2:45 of 3rd period - Stopped by Spencer Martin with a rebound.
2:47 of 3rd period - Shot by Alexander Barabanov.
2:47 of 3rd period - Shot Blocked by Sean Durzi.
2:49 of 3rd period - Shot by Ryan Johansen.
2:49 of 3rd period - Stopped by Spencer Martin without a rebound.
2:50 of 3rd period - Elias Lindholm wins face-off versus Dylan Strome in Stars zone.
3:24 of 3rd period - Icing by Josh Bailey.
3:25 of 3rd period - Ryan Johansen wins face-off versus Elias Lindholm in Oilers zone.
3:40 of 3rd period - Shot by Nazem Kadri.
3:40 of 3rd period - Stopped by Jack Campbell with a rebound.
3:45 of 3rd period - Icing by Robin Salo.
3:46 of 3rd period - Elias Lindholm wins face-off versus Sam Bennett in Oilers zone.
4:56 of 3rd period - Robin Salo is hit by Timo Meier and loses puck.
6:32 of 3rd period - Shot by Seth Jarvis.
6:32 of 3rd period - Stopped by Jack Campbell with a rebound.
6:34 of 3rd period - Shot by Noah Cates.
6:34 of 3rd period - Shot Misses the Net.
6:49 of 3rd period - Brandon Hagel is hit by Nick Jensen and loses puck.
7:08 of 3rd period - Shot by Elias Lindholm.
7:08 of 3rd period - Stopped by Jack Campbell without a rebound.
7:09 of 3rd period - Nazem Kadri wins face-off versus Adam Lowry in Oilers zone.
7:09 of 3rd period - Evan Bouchard is hit by Ryan Pulock and loses puck.
7:48 of 3rd period - Shot by Jamie Drysdale.
7:48 of 3rd period - Stopped by Spencer Martin with a rebound.
7:50 of 3rd period - Shot by Ondrej Palat.
7:50 of 3rd period - Shot Misses the Net.
7:52 of 3rd period - Shot by Adam Lowry.
7:52 of 3rd period - Goal by Adam Lowry - Stars : 1 - Oilers : 3.
7:53 of 3rd period - Paul Stastny wins face-off versus Elias Lindholm in neutral zone.
8:09 of 3rd period - Icing by Alexander Barabanov.
8:10 of 3rd period - Paul Stastny wins face-off versus Anton Lundell in Oilers zone.
8:12 of 3rd period - Jakob Silfverberg is hit by Anton Lundell and loses puck.
8:56 of 3rd period - Jakob Silfverberg is hit by Vincent Trocheck and loses puck.
9:09 of 3rd period - Shot by Carter Verhaeghe.
9:09 of 3rd period - Stopped by Jack Campbell without a rebound.
9:10 of 3rd period - Nazem Kadri wins face-off versus Ryan Johansen in Oilers zone.
9:19 of 3rd period - Shot by Timo Meier.
9:19 of 3rd period - Stopped by Jack Campbell without a rebound.
9:20 of 3rd period - Elias Lindholm wins face-off versus Adam Lowry in Oilers zone.
9:21 of 3rd period - Shot by Vincent Trocheck.
9:21 of 3rd period - Stopped by Jack Campbell without a rebound.
9:22 of 3rd period - Ryan Johansen wins face-off versus Elias Lindholm in Oilers zone.
9:38 of 3rd period - Shot by Dylan Strome.
9:38 of 3rd period - Deflect By Brandon Hagel.
9:38 of 3rd period - Stopped by Spencer Martin without a rebound.
9:39 of 3rd period - Adam Lowry wins face-off versus Nazem Kadri in Stars zone.
9:39 of 3rd period - Adam Lowry is hit by Sean Durzi.
9:41 of 3rd period - Shot by Josh Bailey.
9:41 of 3rd period - Shot Misses the Net.
9:43 of 3rd period - Shot by Ondrej Palat.
9:43 of 3rd period - Goal by Ondrej Palat - Stars : 1 - Oilers : 4.
9:44 of 3rd period - Ryan Johansen wins face-off versus Elias Lindholm in neutral zone.
9:51 of 3rd period - Shot by Brandon Hagel.
9:51 of 3rd period - Shot Misses the Net.
9:57 of 3rd period - Shot by Brandon Hagel.
9:57 of 3rd period - Shot Misses the Net.
10:29 of 3rd period - Shot by Dylan Strome.
10:29 of 3rd period - Shot Misses the Net.
11:33 of 3rd period - Evan Bouchard is hit by Ryan Pulock and loses puck.
12:04 of 3rd period - Shot by Brock Boeser.
12:04 of 3rd period - Shot Misses the Net.
12:06 of 3rd period - Shot by Brock Boeser.
12:06 of 3rd period - Stopped by Spencer Martin without a rebound.
12:07 of 3rd period - Anton Lundell wins face-off versus Ryan Johansen in Stars zone.
12:30 of 3rd period - Shot by Dylan Strome.
12:30 of 3rd period - Shot Misses the Net.
12:32 of 3rd period - Shot by Dylan Strome.
12:32 of 3rd period - Shot Misses the Net.
13:34 of 3rd period - Shot by Adam Lowry.
13:34 of 3rd period - Shot Misses the Net.
13:43 of 3rd period - Icing by Sean Durzi.
13:44 of 3rd period - Elias Lindholm wins face-off versus Sam Bennett in Stars zone.
14:19 of 3rd period - Shot by Sam Bennett.
14:19 of 3rd period - Shot Hit the Post.
14:29 of 3rd period - Shot by Timo Meier.
14:29 of 3rd period - Shot Misses the Net.
14:31 of 3rd period - Shot by Anton Lundell.
14:31 of 3rd period - Shot Misses the Net.
14:33 of 3rd period - Shot by Henri Jokiharju.
14:33 of 3rd period - Shot Misses the Net.
14:55 of 3rd period - Shot by Tanner Pearson.
14:55 of 3rd period - Stopped by Jack Campbell without a rebound.
14:56 of 3rd period - Ryan Johansen wins face-off versus Seth Jarvis in Oilers zone.
15:14 of 3rd period - Shot by Ryan Johansen.
15:14 of 3rd period - Shot Blocked by Tanner Pearson.
15:40 of 3rd period - Shot by Dylan Strome.
15:40 of 3rd period - Stopped by Spencer Martin with a rebound.
16:01 of 3rd period - Robin Salo is hit by Sean Durzi.
16:05 of 3rd period - Shot by Jakob Silfverberg.
16:05 of 3rd period - Shot Misses the Net.
16:28 of 3rd period - Shot by Paul Stastny.
16:28 of 3rd period - Shot Misses the Net.
16:55 of 3rd period - Icing by Sean Durzi.
16:56 of 3rd period - Sam Bennett wins face-off versus Elias Lindholm in Stars zone.
16:56 of 3rd period - Brock Boeser is hit by Nick Jensen.
17:44 of 3rd period - Nikita Zaitsev is hit by Henri Jokiharju.
18:18 of 3rd period - Shot by Brandon Hagel.
18:18 of 3rd period - Shot Blocked by Anton Lundell.
18:57 of 3rd period - Icing by Evan Bouchard.
18:58 of 3rd period - Seth Jarvis wins face-off versus Adam Lowry in Stars zone.
19:21 of 3rd period - Shot by Evan Bouchard.
19:21 of 3rd period - Shot Misses the Net.
19:23 of 3rd period - Shot by Tanner Pearson.
19:23 of 3rd period - Deflect By Noah Cates.
19:23 of 3rd period - Shot Misses the Net.
19:36 of 3rd period - Icing by Robin Salo.
19:37 of 3rd period - Adam Lowry wins face-off versus Elias Lindholm in Oilers zone.
19:55 of 3rd period - Elias Lindholm is hit by Ondrej Palat and loses puck.
Goals for this period are 0 for Stars vs 2 for Oilers.
Shots for this period are 7 for Stars vs 12 for Oilers.